Map: New Repugnancy LE

Players

Clem - Winner!

  • Race: Terran Terran
  • Spawn Location: 7:00

souL

  • Race: Terran Terran
  • Spawn Location: 1:00

Event: 2019 WCS Summer

VOD

Have the link to the VOD?

Description

Time

  • Played on: July 12, 2019, 11:38 a.m.
  • Length: 7:28

All games in this series

Show
View Real Time Build Order
Export as new Build Order

Clem Terran - Winner!

Build Orders:  

Get SALT Encoding   

  12  0:00  SCV  
  13  0:12  SCV  
  14  0:17  Supply Depot  
  14  0:25  SCV  
  15  0:29  Refinery  
  15  0:38  SCV  
  16  0:44  Barracks  
  16  0:50  SCV  
  16  0:54  Refinery  
  17  1:02  SCV  
  18  1:15  SCV  
  19  1:31  Orbital Command, Reaper  
  20  1:37  Factory  
  20  1:49  Supply Depot  
  20  1:57  SCV  
  21  2:03  Reaper  
  22  2:09  SCV  
  25  2:23  Hellion  
  25  2:29  Command Center  
  25  2:33  SCV  
  26  2:40  Starport  
  26  2:45  SCV  
  26  2:49  Hellion  
  26  2:51  Barracks Tech Lab  
  29  2:56  Supply Depot  
  29  2:59  SCV  
  30  3:13  SCV  
  30  3:14  Barracks Tech Lab  
  30  3:17  Cyclone  
  34  3:24  Refinery  
  34  3:25  SCV  
  35  3:37  Raven  
  35  3:39  SCV  
  38  3:41  Orbital Command  
  38  3:50  Cyclone  
  38  3:53  SCV  
  42  3:57  Supply Depot  
  42  3:58  Barracks Reactor  
  42  4:05  SCV  
  42  4:09  SCV  
  44  4:17  SCV  
  44  4:22  Raven  
  44  4:23  SCV  
  45  4:31  SCV  
  45  4:36  Marine x2, Command Center  
  47  4:38  Siege Tank  
  50  4:51  SCV  
  51  4:53  Marine  
  51  4:54  Marine  
  51  4:57  Supply Depot  
  51  4:58  SCV  
  54  5:09  Supply Depot  
  54  5:11  Refinery  
  54  5:13  Siege Tank  
  54  5:14  SCV  
  58  5:20  Viking x2  
  62  5:21  Marine  
  62  5:25  SCV  
  62  5:26  SCV  
  62  5:27  Supply Depot  
  65  5:37  SCV  
  65  5:40  Marine  
  67  5:44  SCV  
  67  5:45  Siege Tank  
  67  5:48  Orbital Command  
  71  5:56  Viking  
  73  6:00  Viking  
  75  6:06  SCV x2  
  75  6:07  Marine  
  78  6:16  Orbital Command  
  78  6:19  Siege Tank, SCV  
  78  6:25  Marine  
  82  6:27  Engineering Bay  
  82  6:28  Engineering Bay  
  82  6:30  Viking  
  85  6:33  Viking  
  85  6:34  SCV  
  85  6:35  SCV  
  89  6:41  Supply Depot  
  89  6:44  SCV  
  89  6:46  Marine, SCV  
  92  6:51  Supply Depot  
  92  6:52  SCV  
  91  7:00  SCV  
  88  7:03  Marine  
  93  7:15  SCV  
  94  7:16  Supply Depot  
Show
View Real Time Build Order
Export as new Build Order

souL Terran 

Build Orders:  

Get SALT Encoding   

  12  0:00  SCV  
  13  0:13  SCV  
  14  0:17  Supply Depot  
  14  0:25  SCV  
  14  0:27  Refinery  
  15  0:39  SCV  
  16  0:45  Barracks  
  16  0:51  SCV  
  16  0:55  Refinery  
  17  1:03  SCV  
  18  1:15  SCV  
  19  1:34  Orbital Command, Factory  
  19  1:36  Reaper  
  20  1:44  Supply Depot  
  20  2:00  SCV  
  21  2:08  Reaper  
  22  2:12  SCV  
  23  2:19  Hellion  
  25  2:24  SCV  
  25  2:28  Command Center  
  26  2:36  SCV  
  27  2:40  Barracks Tech Lab, Hellion  
  29  2:47  Supply Depot  
  29  2:49  SCV  
  30  3:01  Starport, SCV  
  31  3:09  Cyclone  
  34  3:13  Barracks Reactor  
  34  3:16  SCV  
  34  3:17  Refinery  
  35  3:29  SCV  
  36  3:40  Orbital Command  
  36  3:41  SCV  
  37  3:47  Raven  
  39  3:50  Marine x2  
  39  3:51  Factory Tech Lab  
  39  3:53  SCV  
  39  3:55  Supply Depot  
  42  4:05  SCV  
  42  4:07  SCV  
  42  4:08  Marine x2  
  43  4:14  Siege Tank  
  46  4:17  SCV  
  46  4:19  SCV  
  45  4:25  Marine  
  45  4:26  Marine  
  45  4:29  SCV  
  45  4:31  SCV  
  44  4:41  SCV  
  44  4:42  Raven  
  44  4:43  Marine x2, SCV  
  47  4:53  SCV  
  47  4:55  SCV, Command Center  
  47  5:00  Siege Tank  
  47  5:01  Marine x2  
  47  5:05  SCV  
  51  5:07  SCV  
  51  5:13  Supply Depot  
  52  5:18  SCV  
  52  5:19  Marine x2, SCV  
  56  5:30  SCV  
  56  5:31  SCV  
  56  5:33  Siege Tank  
  61  5:40  Barracks x2, Engineering Bay x2  
  61  5:42  SCV  
  62  5:45  Viking x2  
  62  5:49  Refinery  
  66  5:54  SCV  
  66  5:55  Marine, SCV  
  69  6:06  SCV  
  69  6:08  SCV  
  71  6:15  Viking x2  
  71  6:16  Supply Depot  
  71  6:17  Supply Depot  
  75  6:21  Siege Tank  
  75  6:22  Marine  
  75  6:23  SCV  
  80  6:27  SCV  
  81  6:35  SCV  
  81  6:36  Orbital Command  
  81  6:38  Barracks Reactor  
  82  6:40  SCV  
  82  6:45  Viking  
  82  6:46  Viking  
  87  6:47  Marine, SCV  
  87  6:53  SCV  
  90  6:59  SCV  
  83  7:02  Marine  
  83  7:05  SCV  
  83  7:07  Barracks Reactor, SCV  
  79  7:10  Barracks  
  79  7:11  Barracks, SCV  
  79  7:16  Supply Depot  
  79  7:17  Supply Depot  
Tags
 
Add a new tag
Caveats
  • Supply blocks, unpowered buildings, or Contaminate may cause inaccurate times.
  • Supply counts are checked every 10 seconds.